 Dungeon Crawl Stone Soup version 0.30-a0-808-g6e0788376e (webtiles) character file.

Game seed: 775470316403091742

121 cforsyth the Sneak (level 5, -4/32 HPs)
             Began as a Kobold Brigand on Feb 25, 2023.
             Slain by a gnoll
             ... wielding a +2 flail of protection
              (8 damage)
             ... on level 3 of the Dungeon.
             The game lasted 00:02:25 (2482 turns).

cforsyth the Sneak (Kobold Brigand)                 Turns: 2482, Time: 00:02:26

Health: -4/32      AC:  3    Str:  6 (8)  XL:     5   Next: 26%
Magic:  5/5        EV: 15    Int: 11 (12) God:
Gold:   91         SH:  0    Dex: 16 (19) Spells: 4/4 levels left

rFire   . . .      SeeInvis .    a - +2 dagger
rCold   . . .      Faith    .    (no shield)
rNeg    . . .      Spirit   .    b - +0 robe
rPois   .          Reflect  .    (no helmet)
rElec   .          Harm     .    c - +0 cloak
rCorr   .          Rampage  .    (no gloves)
Will    .....                    (no boots)
Stlth   ++++                     (no amulet)
HPRegen 0.25/turn                (no ring)
MPRegen 0.09/turn                (no ring)

@: no status effects
A: small, no large weapons, nightstalker 3
a: no special abilities


You were on level 3 of the Dungeon.
You visited 1 branch of the dungeon, and saw 4 of its levels.

You collected 91 gold pieces.

Inventory:

Hand Weapons
 a - a +2 dagger (weapon)
Missiles
 d - 12 poisoned darts (quivered)
 e - 3 curare-tipped darts
Armour
 b - a +0 robe (worn)
 c - a +0 cloak (worn)
Jewellery
 f - an amulet of magic regeneration
Scrolls
 h - a scroll of silence {unknown}
 i - 2 scrolls of enchant weapon {unknown}
 k - 2 scrolls of identify {unknown}
 l - a scroll of butterflies {unknown}
 m - a scroll of magic mapping {unknown}
 n - a scroll of fear {unknown}
 o - a scroll of teleportation {unknown}
 r - a scroll of fog {unknown}
 s - a scroll of enchant armour {unknown}
 t - a scroll of noise {unknown}
Potions
 g - a potion of degeneration
 j - a potion of flight {unknown}
 p - a potion of lignification {unknown}
 q - a potion of attraction {unknown}


   Skills:
 + Level 3.3 Fighting
 + Level 4.0 Short Blades
 - Level 2.1 Throwing
 + Level 3.0 Dodging
 + Level 6.3 Stealth


You had 4 spell levels left.
You didn't know any spells.
Your spell library contained the following spells:

 Spells                   Type           Power      Damage    Failure   Level
 Magic Dart               Conj           0%         1d3       34%         1
 Blink                    Tloc           0%         N/A       47%         2
 Lesser Beckoning         Tloc           0%         N/A       47%         2
 Searing Ray              Conj           0%         2d4       47%         2
 Gell's Gravitas          Tloc           0%         N/A       71%         3
 Teleport Other           Tloc           0%         N/A       71%         3
 Fulminant Prism          Conj/Hex       0%         3d5       98%         4
 Manifold Assault         Tloc           0%         N/A       98%         4
 Storm Form               Tmut/Air       0%         N/A       100%        7


Dungeon Overview and Level Annotations

Branches:
Dungeon (4/15)
 Temple: D:4-7

Altars:
Ashenzari


Innate Abilities, Weirdness & Mutations

You are small and have problems with some larger weapons.
You are completely attuned to the shadows.


Message History

A kobold is nearby!
A kobold is nearby!
No reachable target in view!
No reachable target in view!
No reachable target in view!
No reachable target in view!
No reachable target in view! 3 gnolls come into view.
A gnoll is wielding a +2 flail of protection.
The gnoll shouts!
You hear a shout!
The gnoll shouts!
The gnoll moves out of view.
The gnoll shouts!
You hear an angry hiss.
There are monsters nearby!
There are monsters nearby!
A gnoll comes into view. It is wielding a +0 halberd.
Found a white potion.
The gnoll shouts!
An adder comes into view.
The gnoll hits you from afar with a +0 spear!
A goblin comes into view. It is wielding a +0 dagger.
There is a stone staircase leading up here.
You climb upwards.
There is a stone staircase leading down here.
You start resting.
HP restored.
You climb downwards.
The gnoll hits you with a +2 flail of protection!
The gnoll closely misses you. x2
The gnoll hits you from afar with a +0 spear.
There is a stone staircase leading up here.
The gnoll hits you with a +2 flail of protection!
The gnoll hits you from afar with a +0 spear.
* * * LOW HITPOINT WARNING * * *
You climb upwards.
There is a stone staircase leading down here.
It was a potion of degeneration.
There was something very wrong with that liquid.
You feel weakened.
You feel dopey.
You feel clumsy.
The gnoll hits you with a +2 flail of protection!
You die...

.......# #.#
#.)......#########
.......# #.# #........#
....##.# #.# #).......#
.#'###.####.# #.....####
............# #..#######
##.######...####........#
...# #....).#........#
#########.###..#........#
...............g@.......#
#########.##.#.#........#
.............#.#........#
.....####.####.#........#
.........<..............#
.....############.#######
.....# #.......#.# ######
#.#####.#.# #.###.#.#.#


You could see a gnoll.

Vanquished Creatures
  6 adders
  3 worms
  A dart slug (D:1)
  An orc (D:3)
  4 bats
  3 endoplasms
  2 giant cockroaches
  7 goblins
  2 hobgoblins (D:2)
  6 jackals
  2 kobolds
  3 quokkas
  9 ball pythons
  4 rats (D:2)
53 creatures vanquished.

Notes
Turn   | Place    | Note
-------+----------+-------------------------------------------
     0 | D:1      | cforsyth the Kobold Brigand began the quest for the Orb.
     0 | D:1      | Reached XP level 1. HP: 12/12 MP: 1/1
   279 | D:1      | Reached XP level 2. HP: 18/18 MP: 2/2
   871 | D:2      | Reached XP level 3. HP: 20/22 MP: 3/3
   956 | D:2      | Found a faded altar of an unknown god.
  1127 | D:2      | Reached XP level 4. HP: 27/27 MP: 4/4
  1434 | D:3      | Reached skill level 6 in Stealth
  1653 | D:3      | Found a broken altar of Ashenzari.
  1946 | D:3      | Reached XP level 5. HP: 29/32 MP: 5/5
  2482 | D:3      | Slain by a gnoll

Illustrated notes

Levels and vault maps discovered:
D:1:      matt_arrival_grand_opening, layout_loops_ring, amethyst_killhole,
          nrook_mini_vaults, chequers_serial_rivers_micro_b
D:2:      layout_rooms, nicolae_ecumenical_snake_handling
D:3:      layout_basic, mainiacjoe_overflow_concentric_impassable, moated_statue
D:4:      layout_rooms, nicolae_gozag_seed_capital, grunt_qazlal_sundering,
          minmay_temple_entry_proselytizer, serial_shops, kennysheep_little_box,
          chequers_serial_rivers_micro_d, kennysheep_small_circle

Skill      XL: |  1  2  3  4  5 |
---------------+----------------+-----
Short Blades   | 3 4 |  4.0
Dodging        | 2 3 |  3.0
Fighting       | 3 |  3.3
Stealth        | 6 |  6.3
Throwing       | |  2.1

Action                     |  1- 3 |  4- 6 || total
---------------------------+-------+-------++-------
  Melee: Dagger            |    78 |   110 ||   188
    Use: Potion            |       |     1 ||     1
   Stab: Sleeping          |    16 |     9 ||    25
         Distracted        |       |     1 ||     1
 Armour: Robe              |     6 |    14 ||    20
  Dodge: Dodged            |    44 |    67 ||   111

Table legend: (Time is in decaauts)
 A = Elapsed time spent in this place.
 B = Non-inter-level travel time spent in this place.
 C = Inter-level travel time spent in this place.
 D = Time resting spent in this place.
 E = Time spent auto-exploring this place.
 F = Levels seen in this place.
 G = Mean time per level.
                   A        B        C        D        E       F      G
               +--------+--------+--------+--------+--------+-----+--------+
         Total |   2451 |   2388 |     63 |     15 |   1976 |   4 |  612.8 |
       Dungeon |   2451 |   2388 |     63 |     15 |   1976 |   4 |  612.8 |
               +--------+--------+--------+--------+--------+-----+--------+

Top non-repeatable levels by time:
     D:3: 1105 daAuts
     D:1: 786 daAuts
     D:2: 489 daAuts
     D:4: 70 daAuts
